 Dungeon Crawl Stone Soup version 0.31-a0-174-g85c54bcb58 (webtiles) character file.

Game seed: 11707956903783885526

50 qw the Shooter (level 3, -3/22 HPs)
             Began as a Gargoyle Hunter on June 15, 2023.
             Slain by a gnoll
             ... wielding a +0 spear
              (6 damage)
             ... on level 2 of the Dungeon.
             The game lasted 00:00:23 (1178 turns).

qw the Shooter (Gargoyle Hunter)                    Turns: 1178, Time: 00:00:24

Health: -3/22      AC:  9    Str: 14    XL:     3   Next: 79%
Magic:  3/3        EV: 10    Int:  9    God:
Gold:   92         SH:  0    Dex: 15    Spells: 2/2 levels left

rFire   . . .        Y - +0 shortbow
rCold   . . .        (shield currently unavailable)
rNeg    + . .        g - +0 ring mail
rPois   inf          (no helmet)
rElec   +            (no cloak)
rCorr   .            (no gloves)
SInv    .            d - +0 pair of boots
Will    .....        (no amulet)
Stlth   +            (no ring)
HPRegen 0.23/turn    (no ring)
MPRegen 0.08/turn

%: no passive effects
@: no status effects
A: sickness immunity, AC +3, negative energy resistance 1, electricity
resistance, torment resistance 1, petrification resistance
a: no special abilities


You were on level 2 of the Dungeon.
You visited 1 branch of the dungeon, and saw 2 of its levels.

You collected 92 gold pieces.


Innate Abilities, Weirdness & Mutations

You are immune to sickness and miasma.
Your stone body is resilient. (AC +3)
You are immune to poison.
You resist negative energy. (rN+)
You are resistant to electric shocks. (rElec)
You are resistant to unholy torment.
You are immune to petrification.


   Skills:
 + Level 2.6 Fighting
 - Level 5.0 Ranged Weapons
 - Level 1.0 Armour
 - Level 1.5 Dodging
 - Level 1.1 Stealth


You had 2 spell levels left.
You didn't know any spells.
Your spell library was empty.

Inventory:

Hand Weapons
 Y - a +0 shortbow (weapon)
Armour
 d - a +0 pair of boots (worn)
 g - a +0 ring mail (worn)
Scrolls
 a - a scroll of fog {unknown}
Potions
 h - 2 potions of haste

Dungeon Overview and Level Annotations

Branches:
Dungeon (2/15)

Altars:


Message History

You shoot an arrow.
The arrow hits the gnoll but does no damage.
You shoot an arrow. The arrow completely misses the gnoll.
An endoplasm, a gnoll and a kobold come into view.
Enter note: You shoot an arrow.
The arrow hits the gnoll.
The gnoll is heavily wounded.
The endoplasm quivers.
The gnoll barely misses you.
You shoot an arrow.
The arrow hits the gnoll but does no damage.
The gnoll is heavily wounded.
The gnoll hits you from afar with a +0 spear. x2
You shoot an arrow. The arrow completely misses the gnoll.
The gnoll barely misses you.
You shoot an arrow. The arrow hits the gnoll.
The gnoll is severely wounded.
The gnoll hits you but does no damage.
You shoot an arrow. The arrow hits the gnoll!
The gnoll is severely wounded.
The gnoll hits you but does no damage.
The gnoll hits you from afar with a +0 spear.
The gnoll closely misses you. The endoplasm freezes you.
You are frozen.
The gnoll hits you from afar with a +0 spear.
You shoot an arrow. The arrow hits the gnoll.
You kill the gnoll!
The endoplasm closely misses you. The gnoll closely misses you.
You shoot an arrow. The arrow closely misses the kobold.
The endoplasm freezes you.
You are frozen.
The kobold closely misses you. The gnoll closely misses you.
You shoot an arrow. The arrow hits the kobold.
You kill the kobold!
The endoplasm hits you but does no damage.
The gnoll barely misses you.
You shoot an arrow. The arrow barely misses the endoplasm.
The endoplasm barely misses you.
The gnoll hits you from afar with a +0 spear.
You die...

#### #..## ? #...#### .#
#.#...%#######.#
#..............
###...........######
.................(.# #
###...........####.#$...
#..####.###...@)......
##..# #%# #####J......
####.# #.# g......
..##.# #.# .......
#.##.# #.##. #......
#.##.# #.#.. ......
#.##%###...# ......
#.##........ #.....
#.##........


You could see a gnoll and an endoplasm.

Vanquished Creatures
  A gnoll (D:2)
  An adder (D:2)
  8 ball pythons
  4 bats
  2 endoplasms (D:1)
  A giant cockroach (D:1)
  3 hobgoblins
  A quokka (D:1)
  5 goblins
  4 kobolds
30 creatures vanquished.

Notes
Turn   | Place    | Note
-------+----------+-------------------------------------------
     0 | D:1      | qw the Gargoyle Hunter began the quest for the Orb.
     0 | D:1      | Reached XP level 1. HP: 12/12 MP: 1/1
     0 | D:1      | 0 ||| qw: Version: 0.2-a-29-g511e9b1
     0 | D:1      | 0 ||| qw: Game counter: 5577
     0 | D:1      | 0 ||| qw: Always use a shield: true
     0 | D:1      | 0 ||| qw: God list: Okawaru
     0 | D:1      | 0 ||| qw: Allow faded altars: false
     0 | D:1      | 0 ||| qw: Do Orc after D:15 true
     0 | D:1      | 0 ||| qw: Do second Lair branch before Depths: true
     0 | D:1      | 0 ||| qw: Lair rune preference: random
     0 | D:1      | 0 ||| qw: Plans: Normal, Zot:1-4, Slime:5, God:TSO, Crypt,
                  | Tomb, Abyss, Pan, Hells, Win
     0 | D:1      | 0 ||| PLANNING D:1-11
   219 | D:1      | Reached XP level 2. HP: 17/17 MP: 2/2
  1034 | D:1      | 1034 ||| UPGRADING to +0 pair of boots.
  1039 | D:1      | 1039 ||| UPGRADING to +0 ring mail.
  1049 | D:1      | 1049 ||| DROPPING +0 leather armour.
  1050 | D:1      | 1050 ||| READING scroll labelled PEILIL UCAUN.
  1051 | D:1      | 1051 ||| READING scroll labelled GIEJELUTONGO.
  1052 | D:1      | 1052 ||| READING scroll labelled ESOTOPHUMNI.
  1057 | D:1      | 1057 ||| DRINKING 2 cyan potions.
  1058 | D:1      | 1058 ||| DROPPING scroll of butterflies.
  1094 | D:2      | Reached XP level 3. HP: 21/21 MP: 3/3
  1105 | D:2      | Reached skill level 1 in Armour
  1132 | D:2      | Reached skill level 5 in Ranged Weapons
  1174 | D:2      | HP: 3/21 [gnoll/+0 spear (4)]
  1178 | D:2      | Slain by a gnoll

Levels and vault maps discovered:
D:1:      dpeg_arrival_circle_labyrinth_c, layout_basic
D:2:      minmay_kobold_bridge, layout_rooms, grunt_decor_one_mirror

Skill      XL: |  1  2  3 |
---------------+----------+-----
Armour         | 1 |  1.0
Ranged Weapons | 5 |  5.0
Fighting       | |  2.6
Dodging        | |  1.5
Stealth        | |  1.1

Action                     || total
---------------------------++-------
   Fire: Shortbow          ||   102
    Use: Scroll            ||     3
         Potion            ||     1
 Armour: Leather armour    ||    13
         Ring mail         ||     9
  Dodge: Dodged            ||    54

Table legend:
 A = Non-vault XP
 B = Vault XP
 C = Vault XP percentage of total XP
 D = Non-vault monster count
 E = Vault monster count
 F = Vault count percentage of total count
                 A         B        C        D         E       F
            +---------+---------+-------+---------+---------+-------
      Total |      72 |       0 |   0.0 |      30 |       0 |   0.0
            +---------+---------+-------+---------+---------+-------
        D:1 |      32 |       0 |   0.0 |      19 |       0 |   0.0
        D:2 |      40 |       0 |   0.0 |      11 |       0 |   0.0
            +---------+---------+-------+---------+---------+-------
